[Event "Olomouc Chess Summer-IM 2022"]
[Site "Olomouc"]
[Date "2022.08.19"]
[Round "8.8"]
[White "Stinka, Jakub"]
[Black "Kusa, Jakub"]
[Result "1/2-1/2"]
[ECO "D31"]
[WhiteElo "2329"]
[BlackElo "2373"]
[Annotator "TA"]
[PlyCount "70"]
[EventDate "2022.08.10"]
[EventCountry "CZE"]
[SourceTitle "playchess.com"]
[Source "ChessBase"]
[SourceQuality "1"]
[TimeControl "40/5400+30:1800+30"]

1. d4 d5 2. c4 e6 3. Nc3 a6 4. cxd5 exd5 5. Nf3 c6 6. e4 {[%emt 0:03:01] D31: Queen's Gambit Declined: Semi-Slav without ...Nf6 (+ Marshall Gambit and Noteboom) and Exchange Variation lines without ...Nf6.} dxe4 7. Ng5 Be7 {[%emt 0:00:54] [#]} 8. Bc4 $1 {[%emt 0:01:10] White is slightly better.} Nh6 9. Ngxe4 {[%emt 0:00:49] Black must now prevent Qh5.} Nf5 $1 10. d5 O-O 11. O-O cxd5 12. Nxd5 b5 13. Bb3 {[%emt 0:06:36] [#]} Nc6 $146 ({Predecessor:} 13... Be6 14. Bf4 Ra7 15. Re1 Bxd5 16. Qxd5 Nd4 17. Qh5 Nxb3 18. axb3 Nc6 19. Re3 g6 {0-1 (44) Dardha,D (2487)-Warmerdam,M (2506) Bassano del Grappa 2020}) 14. Bf4 {[%emt 0:02:25] Bc7 is the strong threat.} Be6 15. Rc1 Rc8 16. Nxe7+ Nfxe7 17. Nd6 $36 {[%emt 0:06:59][%mdl 2048] Strongly threatening Bxe6. White has good play.} Bxb3 18. axb3 Ra8 19. Qf3 (19. Qg4 $16) 19... Nd4 $11 20. Qe4 Ne6 21. Bg3 Ra7 22. Rfe1 (22. Rfd1 $5 ) 22... Qd7 (22... Qb6 $1 $11) 23. Red1 {[%emt 0:04:45] White is much more active. The black rooks are badly placed.} (23. h3 $16) 23... Rc7 24. Nc4 Qc6 25. Qe1 Rd7 $1 {[%emt 0:01:52] aiming for ...Rxd1.} (25... bxc4 $2 26. Rxc4 Qxc4 27. bxc4 Rxc4 28. h3 $18) 26. Nd6 Qa8 27. Nc8 Nd5 28. Nd6 (28. Rxd5 $1 $11 Qxd5 29. Nb6) 28... Ndf4 $15 29. Bxf4 Nxf4 30. Qe4 {[%emt 0:00:36] [#]} Rxd6 $1 31. Qxf4 Rxd1+ 32. Rxd1 {[%emt 0:00:02] The position is equal.} Rd8 33. Rxd8+ Qxd8 34. h3 g6 35. b4 Qe7 {[%emt 0:01:53] Weighted Error Value: White=0.17 (very precise) /Black=0.13 (very precise)} 1/2-1/2

[Event "Olomouc Chess Summer-IM 2022"]
[Site "Olomouc"]
[Date "2022.08.19"]
[Round "8.9"]
[White "Kukelko, Alexey"]
[Black "Nytra, Ondrej"]
[Result "1/2-1/2"]
[ECO "C98"]
[WhiteElo "2260"]
[BlackElo "2202"]
[Annotator "NA RC"]
[PlyCount "50"]
[EventDate "2022.08.10"]
[EventCountry "CZE"]
[SourceTitle "playchess.com"]
[Source "ChessBase"]
[SourceQuality "1"]
[TimeControl "40/5400+30:1800+30"]

1. e4 e5 2. Nf3 Nc6 3. Bb5 a6 4. Ba4 Nf6 5. O-O Be7 6. Re1 b5 7. Bb3 O-O 8. h3 d6 9. c3 Na5 10. Bc2 c5 11. d4 Qc7 12. Nbd2 Nc6 13. d5 Nd8 14. a4 Rb8 15. axb5 axb5 16. b4 Nb7 17. Bd3 Bd7 18. Nf1 Ra8 19. Bb2 c4 20. Bc2 g6 21. Qd2 Nh5 22. Ne3 Kh8 23. Rxa8 Rxa8 24. Ra1 Rxa1+ 25. Bxa1 Nd8 1/2-1/2

[Event "Olomouc Chess Summer-IM 2022"]
[Site "Olomouc"]
[Date "2022.08.19"]
[Round "8.10"]
[White "Jasny, Stanislav"]
[Black "Gimenez Menchon, Cesar"]
[Result "0-1"]
[ECO "C41"]
[WhiteElo "2248"]
[BlackElo "2205"]
[Annotator "TA"]
[PlyCount "70"]
[EventDate "2022.08.10"]
[EventCountry "CZE"]
[SourceTitle "playchess.com"]
[Source "ChessBase"]
[SourceQuality "1"]
[TimeControl "40/5400+30:1800+30"]

1. d4 d6 2. e4 Nf6 3. Nc3 e5 4. Nf3 Nbd7 5. Bc4 Be7 6. O-O O-O 7. Re1 c6 8. a4 a5 9. b3 exd4 10. Nxd4 Ne5 11. Bf1 Re8 {[%emt 0:00:24] C41: Philidor Defence.} 12. h3 d5 13. f4 (13. exd5 $11 Bb4 14. Bd2) 13... Bb4 $15 {[%emt 0:06:53] Black is slightly better.} 14. Bb2 Ng6 ({Of course not} 14... Bxc3 15. Bxc3 Ng6 16. exd5 $11) 15. e5 {[%emt 0:00:37] [#]} Qb6 $146 (15... Bxc3 $15 16. Bxc3 Ne4) ({Predecessor:} 15... Bxc3 16. Bxc3 Ne4 17. Bd2 Qh4 18. Rxe4 dxe4 19. Ne2 f6 20. Be1 Qh5 21. exf6 gxf6 {0-1 (78) Pasztor,B (2140)-Egresi,M (2341) Balatonalmadi 2019}) 16. Kh2 (16. g3 $1 $11) 16... Bxc3 (16... Nxf4 $2 17. exf6 Rxe1 18. Qxe1 $18) 17. Bxc3 Ne4 18. Rxe4 dxe4 19. Qc1 Rd8 20. Qe3 Qc5 {[%emt 0:09:38][%cal Og6f4] White must now prevent ...Nxf4!} (20... Ne7 $5 21. Qxe4 c5 $11) 21. Bb2 {[%emt 0:03:04] [#]} Ne7 (21... Nxf4 $1 $11 {keeps the balance.} 22. Qxf4 Rxd4) 22. c4 ({White should try} 22. Qxe4 $16 Qd5 23. Qe1) 22... g6 $11 23. g4 h5 24. Be2 hxg4 25. hxg4 g5 {[%emt 0:00:04] [#]} 26. Qxe4 ({White must play} 26. f5 $1 $16 Qxe5+ 27. Kg2 Bxf5 28. Qxg5+ Ng6 29. gxf5) 26... Ng6 $36 {[%emt 0:02:35][%mdl 2048] White is under pressure.} (26... gxf4 $5 27. Rf1 Ng6 28. Rxf4 Nxf4 29. Qxf4 Be6 $17) 27. Rf1 (27. f5 $11 Qxe5+ 28. Qxe5 Nxe5 29. Kg3) 27... gxf4 $17 28. Nf5 {[%emt 0:08:04] Against Qe7} Be6 29. Bc3 {[%emt 0:04:09] Prevents Rd2.} b6 (29... Qb6 $17 30. Rxf4 Nxf4 31. Qxf4 Kf8) 30. Bd3 (30. Rxf4 $15 Nxf4 31. Qxf4) 30... Rd7 31. Rf3 $2 {[%emt 0:00:37] Loses the game.} (31. Qf3 $17 {might work better.}) 31... Rad8 $19 {[%emt 0:00:33][%cal Od7d3] Threatens to win with ...Rxd3!} 32. Nd6 $2 (32. Qe2) 32... Bxg4 {[%emt 0:00:32] Strongly threatening ...Rxd6. Black is clearly winning.} 33. Rxf4 Rxd6 (33... f5 $142 34. Qd4 Nxf4 35. Qxf4 Rh7+ 36. Kg2 Bh3+ 37. Kf3 Qg1 38. Qg3+ Bg4+ 39. Kf4 Qxg3+ 40. Kxg3 Rh3+ 41. Kf4 Rxd3) 34. exd6 Qxd6 35. Bf6 Qxf4+ {[%emt 0:00:45] Weighted Error Value: White=0.75/Black=0.37} 0-1

[Event "Olomouc Chess Summer-IM 2022"]
[Site "Olomouc"]
[Date "2022.08.19"]
[Round "8.11"]
[White "Obsivac, Josef"]
[Black "Mica, Marek"]
[Result "1/2-1/2"]
[ECO "D37"]
[WhiteElo "2284"]
[BlackElo "2297"]
[Annotator "TA"]
[PlyCount "82"]
[EventDate "2022.08.10"]
[EventCountry "CZE"]
[SourceTitle "playchess.com"]
[Source "ChessBase"]
[SourceQuality "1"]
[TimeControl "40/5400+30:1800+30"]

1. d4 Nf6 2. c4 e6 3. Nf3 d5 4. Nc3 dxc4 5. e4 b5 6. e5 {[%emt 0:00:46] D24: Queen's Gambit Accepted: 3 Nf3 Nf6 4 Nc3.} Nd5 7. Nxb5 Nb6 8. Be2 {[%emt 0:01:17] White is slightly better.} Nc6 9. O-O Be7 10. Qd2 {[%emt 0:02:44] is cutting edge theory.} Bb7 11. Rd1 Qd7 12. Nc3 Nb4 13. Qf4 f5 {[%emt 0:14:54] [#]} 14. h4 $146 (14. exf6 $5 gxf6 15. Ne4 $11) ({Predecessor:} 14. exf6 gxf6 15. Qh6 O-O-O 16. Bf4 Rdg8 17. Bg3 N4d5 18. a4 a5 19. Nb5 Rg6 20. Qh5 {1-0 (32) Dreev,A (2623)-Sjugirov,S (2680) Chess.com INT 2022}) 14... O-O-O 15. b3 N4d5 (15... Nd3 $5 16. Qg3 (16. Bxd3 cxd3 17. Rxd3 h6 $11) 16... Bxf3 17. Bxf3 Qxd4 $11) 16. Qd2 Bb4 17. Bb2 cxb3 18. axb3 a5 19. Qc1 Qe8 (19... h6 $14 {feels stronger.}) 20. Nb5 $16 Kb8 21. Ba3 Qc6 22. Bc4 h6 23. Bxb4 axb4 24. Na7 Qe8 25. Bb5 Nc3 26. Bxe8 Ne2+ 27. Kf1 $1 Nxc1 {[%emt 0:00:08] [#]} 28. Nc6+ $1 ({Weaker is} 28. Rdxc1 Rhxe8 29. h5 (29. Nc6+ Bxc6 30. Rxc6 g6 $14) 29... Re7 $16) 28... Bxc6 29. Bxc6 Nxb3 30. Ra2 Kc8 31. Rb1 (31. h5 $18 {is more deadly.}) 31... Nxd4 32. Nxd4 Rxd4 {[%emt 0:00:51] [#]} 33. Rba1 $1 {[%emt 0:00:01][%cal Oa2a8] White threatens Ra8+! and mate.} Kd8 {[%emt 0:00:37] [#] Threatens to win with ...Ke7.} 34. Ra8+ $1 Nxa8 35. Rxa8+ Ke7 {[%emt 0:00:29] ( -> ...Rxa8)} 36. Rxh8 {[%emt 0:00:07][%mdl 4096] Endgame Strongly threatening Rc8. KRB-KR} Rc4 37. Ba4 Rxh4 38. Rg8 Kf7 39. Rd8 {[%emt 0:00:22] Hoping for Rd7+. White is more active.} Rc4 (39... c5 $142) 40. Rd7+ Kf8 41. Bb3 Re4 {[%emt 0:06:16] Weighted Error Value: White=0.08 (flawless) /Black=0.08 (flawless)} (41... Rc6 $16 42. Ke2 g5) 1/2-1/2

[Event "Olomouc Chess Summer-IM 2022"]
[Site "Olomouc"]
[Date "2022.08.19"]
[Round "8.12"]
[White "Nemec, Jachym"]
[Black "Shubin, Daniel"]
[Result "1-0"]
[ECO "D35"]
[WhiteElo "2341"]
[BlackElo "2206"]
[Annotator "TA"]
[PlyCount "95"]
[EventDate "2022.08.10"]
[EventCountry "CZE"]
[SourceTitle "playchess.com"]
[Source "ChessBase"]
[SourceQuality "1"]
[TimeControl "40/5400+30:1800+30"]

1. d4 d5 2. c4 e6 3. Nc3 Nf6 4. cxd5 exd5 5. Bg5 Nbd7 6. e3 Be7 7. Bd3 Nf8 8. Qc2 {[%emt 0:04:57] D35: Queen's Gambit Declined: Exchange Variation.} Ne6 9. Bh4 g6 10. Bg3 {[%emt 0:06:47] White is slightly better.} O-O 11. Nf3 c6 12. O-O Ng7 13. Rab1 Bf5 14. b4 a6 {[%emt 0:00:05] Inhibits b5.} 15. a4 Bxd3 16. Qxd3 Nf5 {[%emt 0:00:10] [#]} 17. b5 $146 ({Predecessor:} 17. Be5 Nd6 18. Rfc1 Nc4 19. b5 axb5 20. axb5 Nd7 21. bxc6 bxc6 22. e4 Bf6 23. Bxf6 Nxf6 24. exd5 cxd5 25. Nxd5 Nxd5 26. Qxc4 {1-0 (54) Hanel,R (2330)-Schmidlechner,A (2195) Austria 1997}) 17... axb5 18. axb5 Ra3 19. Nd2 {[%emt 0:13:00] Inhibits Ne4.} Nxg3 20. hxg3 cxb5 21. Rxb5 Qc7 22. Ndb1 Ra5 23. Rb3 Rc8 24. Nd2 Ra3 {[%emt 0:20:34] [#]} (24... Qc6 $11) 25. Nxd5 $1 $14 Nxd5 26. Rxa3 Bxa3 27. Qxa3 Qc2 {[%emt 0:03:08] Inhibits Ne4. White stays focused until the end.} 28. Nf3 b5 29. Qd6 Nc3 30. Ne5 Ne2+ {[%emt 0:11:13] [#]} (30... Qf5 $16 31. g4 Qe6 32. Qxe6 fxe6) 31. Kh2 $1 $18 Qb3 $2 (31... Qf5 32. g4 Qe6 33. Qxe6 fxe6) 32. d5 {[%emt 0:03:57][%cal Oe5f7] Black must now prevent Nxf7!} Rf8 (32... Nc3 $142 33. Rc1 (33. Qd7 Rf8 $16) 33... Re8) 33. Re1 Qc2 34. Nd7 ({Weaker is} 34. Qe7 Qf5 $16) 34... Ra8 35. Qe5 b4 36. Nf6+ Kf8 37. d6 (37. Ra1 $142 Qc8 {[#]} 38. Nd7+ $1 Kg8 39. Nb6 Rxa1 40. Nxc8 Rd1 41. d6 Rxd6 42. Nxd6) 37... b3 38. Ng4 (38. Nd5 $142 Qc3 39. Nxc3 Kg8 40. Nxe2 Rd8 41. d7 Rxd7 42. Qe8+ Kg7 43. Qxd7) 38... Qc3 {[%emt 0:00:35] White is clearly winning.} 39. Rxe2 Qxe5 40. Nxe5 {[%emt 0:00:05][%mdl 4096] Endgame Strongly threatening Rd2. KRN-KR} Ra2 {[%emt 0:00:04] Inhibits Rd2.} 41. Re1 Rxf2 42. d7 Rd2 43. Rb1 f6 44. Nf3 Rxd7 45. Rxb3 h5 46. Kg1 f5 (46... Ra7 $142 47. Nd4 Kg7) 47. Kf2 Rd6 48. Rb7 {[%emt 0:00:21] Weighted Error Value: White=0.33/Black=0.58} 1-0

[Event "Olomouc Chess Summer-IM 2022"]
[Site "Olomouc"]
[Date "2022.08.19"]
[Round "8.13"]
[White "Paseka, Matyas"]
[Black "Camarena Jimenez, Rufino"]
[Result "1-0"]
[ECO "C06"]
[WhiteElo "2218"]
[BlackElo "2308"]
[Annotator "TA"]
[PlyCount "127"]
[EventDate "2022.08.10"]
[EventCountry "CZE"]
[SourceTitle "playchess.com"]
[Source "ChessBase"]
[SourceQuality "1"]
[TimeControl "40/5400+30:1800+30"]

1. e4 e6 2. d4 d5 3. Nd2 Nf6 4. e5 Nfd7 5. Bd3 c5 6. c3 Nc6 7. Ne2 cxd4 8. cxd4 f6 9. exf6 Nxf6 10. Nf3 Bd6 11. O-O Qc7 12. Bd2 O-O 13. Ng3 (13. Nc3 $5 ) 13... Bd7 {[%emt 0:01:48] C06: French Tarrasch: 3...Nf6 4 e5 Nfd7 5 Bd3 main lines.} 14. Rc1 Bf4 (14... Qb6 $11) 15. Re1 Ng4 {[%emt 0:03:53] White is slightly better.} 16. Bxf4 Qxf4 {[%emt 0:02:59] [#]} 17. h3 $146 ({Predecessor:} 17. Bb1 g6 18. Rc2 Rae8 19. h3 Nh6 20. Ne2 Qf6 21. Nc1 Nf5 22. Nb3 Nb4 23. Rce2 {½-½ (37) Balais,A-Laurain,D (2092) France 1999}) 17... Nxf2 18. Kxf2 {[%emt 0:00:23] Black must now prevent Bb5.} Nxd4 {[%emt 0:00:57] [#]} 19. Be4 $1 Nc6 (19... dxe4 $2 20. Rxe4 Qf7 21. Qxd4 $18) 20. Bb1 ({Reject} 20. Bxd5 exd5 21. Qxd5+ Qf7 $11) 20... Qh4 21. Re3 Rf6 (21... Rae8 $142) 22. Qe1 $1 $16 {[%emt 0:03:34] And now Kg1 would win.} Nd4 23. Rcc3 ({Much less strong is} 23. Kg1 Nxf3+ 24. Rxf3 Rxf3 25. gxf3 Qf4 $16) ({Better is} 23. Rc7 $1 $16 Bc6 24. Kg1 Nxf3+ 25. Rxf3 Rxf3 26. gxf3) 23... Raf8 24. Kg1 (24. Bc2 {with more complications.} Nxf3 25. Rxf3 Rxf3+ 26. gxf3 Qxh3 27. Qh1) 24... Nxf3+ 25. Rxf3 Rxf3 26. Rxf3 (26. gxf3 $5 Qxh3 27. Qe5 $14) 26... Rxf3 27. gxf3 {[%emt 0:00:03] Hoping for Qe5.} Qd4+ 28. Qf2 Qd1+ 29. Qf1 Qd4+ 30. Kh1 Qxb2 31. Qd3 g6 32. h4 (32. Qc2 $11 {is more appropriate.} Qxc2 33. Bxc2) 32... Qf2 $15 33. Ne4 Qxh4+ 34. Kg2 Bc6 $1 35. Nc5 e5 36. Qe3 {[%emt 0:01:39] Prevents Qg5+.} Qf6 ({Much weaker is} 36... d4 37. Qxe5 Qg4+ 38. Qg3 Bxf3+ 39. Kf2 Qxg3+ 40. Kxg3 $11) (36... Qh5 $1 $17 37. Bc2 b6) 37. Nd3 $1 $11 d4 38. Qe2 Qg5+ 39. Kf1 Qf5 $36 {[%emt 0:01:58][%mdl 2048] Strongly threatening ...e4. Black fights for an advantage.} 40. Qxe5 Qxf3+ 41. Ke1 $1 Qe4+ 42. Qxe4 (42. Kd2 $11 {remains equal.}) 42... Bxe4 $17 43. Bc2 (43. Kd2 $17) 43... Bxd3 $19 44. Bxd3 {[%emt 0:00:04][%mdl 4096] Endgame KB-KP} Kg7 45. Be4 b6 46. Kd2 Kf6 47. Kd3 $2 (47. a4 Ke5 48. Bd3) 47... Ke5 $1 48. a4 a6 49. Bb7 g5 50. Bxa6 g4 51. Bc8 h5 52. Bd7 Kf4 53. Kxd4 {[%emt 0:00:00] KB-K3P} g3 $2 (53... h4 $19 {( -> ...g3)} 54. Bc6 h3) 54. Bc6 $1 $11 h4 (54... Kg4 $5 55. Bg2 h4 $16) 55. Bg2 Kg4 {[%emt 0:00:20] Threatens to win with ...h3.} 56. Ke3 h3 $2 (56... Kf5 $11) 57. Bc6 {[%emt 0:00:00] White mates.} Kh4 58. Kf3 h2 59. Kg2 Kg4 60. Bb7 $1 Kf4 {[%emt 0:01:13] [#]} 61. Kh3 $1 Ke5 62. Kxg3 Kd6 63. Kxh2 Kc5 {[%emt 0:00:16] [#]} 64. Ba6 $1 {[%emt 0:00:00] Weighted Error Value: White=0.75/Black=0.35} 1-0

[Event "Olomouc Chess Summer-IM 2022"]
[Site "Olomouc"]
[Date "2022.08.19"]
[Round "8.14"]
[White "Saypuri Srithan"]
[Black "Wiley, Tom E"]
[Result "1/2-1/2"]
[ECO "C04"]
[WhiteElo "1923"]
[BlackElo "2169"]
[Annotator "TA"]
[PlyCount "122"]
[EventDate "2022.08.10"]
[EventCountry "CZE"]
[SourceTitle "playchess.com"]
[Source "ChessBase"]
[SourceQuality "1"]
[TimeControl "40/5400+30:1800+30"]

1. e4 e6 2. d4 d5 3. Nd2 Nc6 4. Ngf3 Nf6 5. e5 Nd7 6. Bb5 a6 7. Bxc6 bxc6 8. O-O {[%emt 0:00:05] C04: French Tarrasch: 3...Nc6.} c5 9. c3 {[%emt 0:00:29] 9.dxc5 is not played anymore.} Be7 10. Nb3 {[%emt 0:04:29] The position is equal.} a5 11. Be3 (11. Nxc5 {with more complications.} Nxc5 12. dxc5 Bxc5 13. Qa4+) 11... c4 {[%emt 0:05:12] [#]} 12. Nbd2 $146 ({Predecessor:} 12. Nc5 O-O 13. Nxd7 Bxd7 14. Qd2 Rb8 15. Bg5 f6 16. exf6 gxf6 17. Bh6 Rf7 18. Rae1 {1-0 (39) Pitra,A (2303)-Singh,G (2295) Kuala Lumpur 2011}) 12... Nb6 13. b3 Ba6 {[%emt 0:01:20] ...cxb3 is the strong threat.} 14. Re1 O-O 15. Qc2 h6 16. bxc4 Nxc4 17. Nxc4 Bxc4 18. Nd2 Ba6 19. Qa4 Bd3 20. a3 Qe8 21. Qd1 (21. Qxe8 $15 Rfxe8 22. c4) 21... a4 $17 22. Bf4 Qb5 23. Re3 Bg6 {[%emt 0:00:41] A strong pair of Bishops.} 24. c4 dxc4 (24... Qb2 $1 $19 25. cxd5 Qxd4) 25. Rc3 Rfd8 (25... Bd3 $142 26. Qg4 Kh8) 26. Nxc4 Rd7 {[%emt 0:00:42] Threatens to win with ...Rad8.} 27. Be3 Rad8 (27... c5 $1 $17 {[%cal Rc5d4] White must now prevent ...cxd4.} 28. Nd6 Bxd6 29. exd6 c4) 28. Qf1 {[%emt 0:00:29] [#]} (28. Qe1 $15) 28... c5 $1 29. Nd6 Qxf1+ 30. Rxf1 Bxd6 31. exd6 {[%emt 0:00:04] [#]} cxd4 ({Reject} 31... Rxd6 $6 32. Rxc5 Bd3 33. Rfc1 $11) ({Black should try} 31... c4 $1 $17 32. Rfc1 Bd3) 32. Bxd4 $15 Rxd6 33. Bc5 Rc6 34. Bb4 Rxc3 35. Bxc3 {[%emt 0:00:04][%mdl 4096] Endgame KRB-KRB} Bc2 36. h3 Bb3 37. Rc1 f6 38. Ba5 Rd5 39. Rc8+ Kf7 40. Rc7+ Kg6 41. Bb4 Rd8 {[%emt 0:30:40] Inhibits Bf8.} 42. Kh2 e5 43. Ba5 Rg8 44. Re7 Kf5 45. Rd7 h5 46. Rd8 Rxd8 47. Bxd8 {[%emt 0:00:00] KB-KB} h4 48. f3 Bd5 49. Ba5 g5 50. Be1 Kg6 51. Kg1 e4 52. fxe4 Bxe4 53. g3 hxg3 {[%emt 0:00:00] Black is better.} 54. Bxg3 Kh5 55. Be1 f5 56. Kh2 f4 57. Bd2 Bd5 58. Bc1 Bc6 59. Bd2 Bd7 60. Kg2 Be6 61. Kh2 Bd5 {[%emt 0:00:00] White happily takes the draw.  Weighted Error Value: White=0.10 (very precise) /Black=0.07 (flawless)} (61... Bc4 $17 62. Kg2 Bd5+ 63. Kg1 Bb7) 1/2-1/2

[Event "Olomouc Chess Summer-IM 2022"]
[Site "Olomouc"]
[Date "2022.08.19"]
[Round "8.15"]
[White "Mannion, Stephen R"]
[Black "Biolek, Richard"]
[Result "1/2-1/2"]
[ECO "B69"]
[WhiteElo "2232"]
[BlackElo "2402"]
[Annotator "TA"]
[PlyCount "117"]
[EventDate "2022.08.10"]
[EventCountry "CZE"]
[SourceTitle "playchess.com"]
[Source "ChessBase"]
[SourceQuality "1"]
[TimeControl "40/5400+30:1800+30"]

1. e4 c5 2. Nf3 d6 3. d4 cxd4 4. Nxd4 Nf6 5. Nc3 Nc6 6. Bg5 e6 7. Qd2 a6 8. O-O-O Bd7 9. f4 Be7 10. Nf3 b5 11. Bxf6 gxf6 12. Bd3 Qb6 {[%emt 0:02:33] B69: Sicilian: Richter-Rauzer: 7...a6 8 0-0-0 Bd7 9 f4 Be7 10 Nf3 b5 11 Bxf6.} 13. Rhe1 O-O-O 14. Bf1 Kb8 15. Kb1 Rc8 {[#]} 16. Nd4 $146 ({Predecessor:} 16. Ne2 Na5 17. Ned4 Nc4 18. Bxc4 bxc4 19. Qe3 Rc5 20. e5 fxe5 21. fxe5 d5 22. Ng5 {½-½ (41) Chigaev,M (2520)-Lobanov,S (2271) St Petersburg 2014}) 16... Nxd4 17. Qxd4 Qxd4 (17... Qc5 {looks sharper.} 18. Qd2 b4 19. Ne2 a5) 18. Rxd4 Ka7 (18... Kc7 {seems wilder.} 19. a4 bxa4 20. Nxa4 Rb8) 19. Rd3 Rc7 20. a3 Kb6 21. Red1 Bc6 22. Rh3 h5 23. g4 h4 24. f5 Bb7 (24... Ba8 {feels hotter.} 25. Rd4 Kc5 26. Rb4 Kb6) 25. Be2 (25. Rd4 {is interesting.} Kc5 26. Rb4 Kb6 27. Rb3) 25... Rc5 26. Rd4 Re5 27. b4 Bc6 28. Kb2 Kb7 29. Bf3 Kc7 30. Be2 Kd7 31. Rhd3 (31. a4 $5) 31... Bf8 32. Bf3 h3 33. Ne2 exf5 34. gxf5 Rh4 35. Nc3 Ke8 36. Rxd6 (36. Kb3 $14 {keeps the upper hand.}) 36... Bxd6 $17 37. Rxd6 Rf4 (37... Bb7 $1 $17) 38. Rxc6 $11 Rxf3 39. Rxa6 {[%emt 0:01:32][%mdl 4096] Endgame KRR-KRN} (39. Nd5 $11 {remains equal.}) 39... Kf8 $1 $17 (39... Rf2 40. Nd5 Rd2 41. Nxf6+ Ke7 42. Kc3 $16 (42. Nd5+ Kf8 $11)) 40. Rxf6 Kg7 {[%emt 0:00:13] Against Rh6} 41. Rd6 Rf2 42. Rd3 Rxh2 43. Rg3+ Kf8 $1 {[%emt 0:00:22] Hoping for ...Rh1.} 44. a4 bxa4 45. b5 Ke7 {[%emt 0:17:10] aiming for ...Kd6.} 46. b6 (46. Nd5+ $17 Kd6 47. Rd3) 46... Kd6 $19 {[%emt 0:00:12] Threatens to win with ...Ra5.} 47. Nxa4 {[%emt 0:07:41] [#]} Rb5+ $1 (47... Rxe4 48. Rd3+ Kc6 49. Rc3+ Kd6 50. Rd3+ Kc6 51. Rc3+ Kd6 52. Rd3+ $11) 48. Kc3 Rh1 (48... Kc6 $17 49. Rg7 Re2) 49. Nb2 $1 $15 h2 50. Rh3 $1 {[%emt 0:00:21] The position is equal.} Kc5 ({Don't take} 50... Rxb6 51. Nc4+ Kc7 52. Nxb6 Kxb6 53. Kc4 $14) 51. Rh6 f6 $1 52. Nd3+ ({Don't go for} 52. Rxf6 $2 {[#]} Rxb2 $1 53. Kxb2 Rd1 $19) 52... Kxb6 53. Rxf6+ Kc7 (53... Ka7 $5 54. Rh6 Rb6 $11) 54. Rh6 Rb6 55. Rh7+ Kd8 56. e5 Rf1 57. Rxh2 {[%emt 0:00:14] Black must now prevent f6.} Rxf5 58. Kd4 Rf1 59. Rh8+ {[%emt 0:01:58] Black had all chances to win.  Weighted Error Value: White=0.16 (very precise) /Black=0.12 (very precise)} 1/2-1/2

[Event "Olomouc Chess Summer-IM 2022"]
[Site "Olomouc"]
[Date "2022.08.20"]
[Round "9.6"]
[White "Gimenez Menchon, Cesar"]
[Black "Jurek, Josef"]
[Result "1-0"]
[ECO "C00"]
[WhiteElo "2207"]
[BlackElo "2200"]
[Annotator "TA"]
[PlyCount "71"]
[EventDate "2022.08.10"]
[EventCountry "CZE"]
[SourceTitle "playchess.com"]
[Source "ChessBase"]
[SourceQuality "1"]
[TimeControl "40/5400+30:1800+30"]

1. e4 e6 2. d4 d5 3. Bd3 dxe4 4. Bxe4 Nf6 5. Bf3 c5 6. Ne2 Nc6 {[%emt 0:00:52][%cal Rc5d4] C01: French: Exchange Variation.} 7. Be3 cxd4 8. Nxd4 Ne5 {[%emt 0:00:45] The position is equal.} 9. Nc3 a6 10. Qe2 Nxf3+ 11. Qxf3 e5 12. Nb3 Qc7 {[%emt 0:08:57] [#]} 13. O-O-O $146 (13. Bg5 $5 Bg4 14. Qg3 $11) ({Predecessor:} 13. Bg5 Bg4 14. Qg3 Be6 15. O-O-O Rc8 16. Bxf6 gxf6 17. Rhe1 h5 18. Qh4 Bg7 19. Kb1 {½-½ (39) Rodriguez Perez,R (2240)-Mas Recorda,P (2050) ICCF email 2021}) 13... Bb4 14. Bg5 (14. Bh6 $5 Bf8 15. Bg5 $16) 14... Bxc3 (14... Bg4 $11 {keeps the balance.} 15. Nd5 O-O-O 16. Qxg4+ Nxg4 17. Nxc7 Rxd1+ 18. Rxd1 Kxc7) 15. Bxf6 $16 gxf6 16. Qxf6 ({Much weaker is} 16. bxc3 $6 Qe7 $11) ({Don't play} 16. Qxc3 Qxc3 17. bxc3 Be6 $15) 16... Rg8 {[%emt 0:01:06] Threatens to win with ...Bb4.} 17. bxc3 {[%emt 0:01:39][%cal Ob3c5] Nc5! is the strong threat.} Qe7 {[%emt 0:01:34] Against Nc5} 18. Qb6 {[%emt 0:08:24] Black must now prevent Rhe1.} Rxg2 {[%emt 0:05:05] [#]} 19. Rhg1 (19. Rhe1 $1 $16 ) 19... Rg6 $1 $14 (19... Qg5+ $2 20. f4 Rxg1 21. fxg5 $18) 20. Qa5 $40 {[%emt 0:06:48][%mdl 128] Inhibits Qa3+. White is up to no good.} Bd7 21. Rge1 Bb5 22. Rd5 b6 (22... Qg5+ $2 23. Kb2 Re6 24. Rxb5 $18) 23. Rdxe5 bxa5 24. Rxe7+ Kf8 25. Rc7 {[%emt 0:05:56] Against Rc8} a4 ({Better is} 25... Rg2) 26. Nd4 $16 Rd8 27. f4 (27. Re4 $142) 27... Rh6 28. Ree7 Be8 29. Nf3 {[%emt 0:01:48] 0x0.001e3cb85922dp-1022s more active pieces.} (29. Re2 $14) 29... Rf6 ({Black should try} 29... Rh3 $11 30. Re3 a5) 30. Re4 $14 Bc6 31. Rd4 Rxd4 32. Nxd4 Be4 33. Kd2 Rxf4 $2 (33... Rh6 $16) 34. Ke3 $18 Rh4 35. Rc4 f5 {[%emt 0:01:05] [#]} 36. Nxf5 $1 {[%emt 0:00:24][%mdl 512] Weighted Error Value: White=0.12 (very precise) /Black=0.37} 1-0

[Event "Olomouc Chess Summer-IM 2022"]
[Site "Olomouc"]
[Date "2022.08.20"]
[Round "9.7"]
[White "Nytra, Ondrej"]
[Black "Jasny, Stanislav"]
[Result "1/2-1/2"]
[ECO "C91"]
[WhiteElo "2214"]
[BlackElo "2261"]
[Annotator "TA"]
[PlyCount "43"]
[EventDate "2022.08.10"]
[EventCountry "CZE"]
[SourceTitle "playchess.com"]
[Source "ChessBase"]
[SourceQuality "1"]
[TimeControl "40/5400+30:1800+30"]

1. e4 e5 2. Nf3 Nc6 3. Bb5 a6 4. Ba4 Nf6 5. O-O Be7 6. Re1 b5 7. Bb3 d6 8. c3 O-O 9. d4 Bg4 10. Be3 exd4 {[%emt 0:00:15] [#] An uneventful encounter. C91: Closed Ruy Lopez: 7...d6 8 c3 0-0 9 d4.} {Predecessor:} 11. cxd4 $146 d5 12. e5 Ne4 13. h3 Bh5 14. Nbd2 Nxd2 15. Qxd2 Bb4 16. Qc2 Na5 17. Rec1 Nc4 18. Ne1 f6 19. Nd3 Bg6 20. Qe2 Bxd3 21. Qxd3 fxe5 22. dxe5 {½-½ (60) Jones,G (2672)-Piorun,K (2640) Germany 2022} 1/2-1/2